 Dungeon Crawl Stone Soup version 0.22-a0-448-g1fb7470 (webtiles) character file.

18633 iamserjio the Grappler (level 12, -2/126 HPs)
             Began as a Troll Chaos Knight on June 4, 2018.
             Slain by an entropy weaver
             ... wielding a +0 trident
              (6 damage)
             ... on level 13 of the Dungeon.
             The game lasted 00:29:10 (10837 turns).

iamserjio the Grappler (Troll Chaos Knight)        Turns: 10837, Time: 00:29:11

Health: -2/126     AC: -2    Str: 29    XL:     12   Next: 29%
Magic:  9/11       EV: 14    Int: 12    God:    Xom [.*....]
Gold:   618        SH:  0    Dex: 15    Spells: 9/11 levels left

rFire    . . .     SeeInvis +     - Unarmed
rCold    . . .     Gourm    +   (no shield)
rNeg     . . .     Faith    .   h - +0 troll leather armour
rPois    +         Spirit   .   (helmet restricted)
rElec    .         Reflect  .   L - +0 cloak {rPois}
rCorr    .         Harm     .   (gloves unavailable)
MR       .....                  (boots unavailable)
Stlth    +.........             (no amulet)
HPRegen  1.11/turn              i - +2 ring of slaying
MPRegen  0.12/turn              I - ring of see invisible

@: about to teleport, corroded
A: large, unfitting armour, claws 3, hooves 1, horns 1, agile 2, blink, clever
2, fast metabolism 3, gourmand, sense surroundings 2, poison resistance,
regeneration 1, shaggy fur 2, strong 2, tough skin 2, wild magic 3, MP-powered
wands
a: Blink, Renounce Religion


You were on level 13 of the Dungeon.
You worshipped Xom.
You were a plaything of Xom.
You were not hungry.

You visited 1 branch of the dungeon, and saw 13 of its levels.

You collected 674 gold pieces.
You spent 56 gold pieces at shops.

Inventory:

Hand Weapons
 p - a +0 blowgun
 K - the +6 morningstar "Tacek" {crush, *Slow Str+2 Int+2}
   (You found it on level 10 of the Dungeon)

   It inflicts extra damage upon your enemies.
   It affects your strength (+2).
   It affects your intelligence (+2).
   It may slow you when you take damage.
Missiles
 q - 68 poisoned needles
 D - 8 large rocks (quivered)
 G - 2 throwing nets
 O - 4 javelins
Armour
 h - a +0 troll leather armour (worn)
 L - a +0 cloak of poison resistance (worn)
Jewellery
 i - a +2 ring of slaying (left claw)
 I - a ring of see invisible (right claw)
 N - an uncursed ring of stealth
Wands
 a - a wand of random effects (5)
 d - a wand of clouds (5)
 J - a wand of digging (24)
 M - a wand of scattershot (4)
Scrolls
 c - 5 scrolls of teleportation
 g - a scroll of fog {unknown}
 k - 8 scrolls of remove curse
 l - 2 scrolls of amnesia {unknown}
 m - 6 scrolls of immolation
 r - 4 scrolls of magic mapping
 s - a scroll of summoning
 u - 3 scrolls of enchant armour {unknown}
 x - 4 scrolls of fear
 y - 2 scrolls of torment {unknown}
 A - a scroll of vulnerability {unknown}
 F - a scroll of identify
 H - 2 scrolls of enchant weapon {unknown}
Potions
 e - 3 potions of cancellation
 f - 3 potions of curing
 j - 4 potions of flight
 n - 2 potions of invisibility
 o - a potion of resistance {unknown}
 t - 2 potions of might
 v - 2 potions of mutation {unknown}
 w - a potion of berserk rage {unknown}
 z - a potion of heal wounds {unknown}
 B - 4 potions of magic {unknown}
 C - a potion of lignification {unknown}
 E - a potion of brilliance {unknown}
Comestibles
 b - 19 rations
 P - 2 chunks of flesh


   Skills:
 + Level 9.6 Fighting
 - Level 6.0 Throwing
 * Level 2.8 Armour
 + Level 7.6 Dodging
 + Level 12.9 Unarmed Combat


You had 9 spell levels left.
You knew the following spells:

 Your Spells              Type           Power        Failure   Level  Hunger
a - Confusing Touch       Hex            #.....       63%         1    ##.....
b - Apportation           Tloc           #.....       63%         1    ##.....

Your spell library contained the following spells:

 Spells                   Type           Power        Failure   Level  Hunger
 Fireball                 Conj/Fire      #.........   100%        5    ######.
 Conjure Flame            Conj/Fire      #.......     90%         3    ####...
 Throw Flame              Conj/Fire      #.....       75%         2    ###....
 Summon Small Mammal      Summ           #...         63%         1    ##.....
 Lehudib's Crystal Spear  Conj/Erth      #.........   100%        8    #######
 Fire Storm               Conj/Fire      #.........   100%        9    #######
 Animate Dead             Necr           N/A          99%         4    #####..
 Pain                     Necr           #...         63%         1    ##.....
 Animate Skeleton         Necr           N/A          63%         1    ##.....
 Vampiric Draining        Necr           #.........   90%         3    ####...
 Sticky Flame             Conj/Fire      #.......     99%         4    #####..
 Poison Arrow             Conj/Pois      #.........   100%        6    #######
 Regeneration             Chrm/Necr      #.........   90%         3    ####...
 Glaciate                 Conj/Ice       #.........   100%        9    #######
 Flame Tongue             Conj/Fire      #....        63%         1    ##.....
 Chain Lightning          Conj/Air       #.........   100%        8    #######
 Inner Flame              Hex/Fire       #.......     90%         3    ####...


Dungeon Overview and Level Annotations

Branches:
Dungeon (13/15)            Temple (0/1) D:6            Lair (0/6) D:11
    Orc (0/2) D:11
 Vaults: D:13-14

Altars:
Elyvilon
Fedhas
Kikubaaqudgha
Nemelex Xobeh
Ru
Sif Muna
Wu Jian
Xom
Yredelemnul
The Shining One

Shops:
D:4 [   D:12 *


Innate Abilities, Weirdness & Mutations

You are too large for most types of armour.
You have claws for hands.
Your metabolism is lightning-fast.
You like to eat raw meat.
Your natural rate of healing is unusually fast.
You are covered in thick fur. (AC +2)
You have very tough skin. (AC +2)
You have large cloven feet.
You have a pair of small horns on your head.
You are very agile. (Dex +4)
You can translocate small distances at will.
Your mind is very acute. (Int +4)
You passively map the area around you.
Your system is resistant to poisons. (rPois)
Your muscles are very strong. (Str +4)
Your spells are much harder to cast, but much more powerful.
You expend magic power (3 MP) to strengthen your wands.


Message History

The entropy weaver hits you from afar with a trident! x2
* * * LOW HITPOINT WARNING * * *
The soldier ant is engulfed in noxious fumes.
The soldier ant appears confused.
There is an open door here.
You see here a soldier ant corpse.
You close the door, pushing everything out of the way.
An entropy weaver opens the door.
The entropy weaver casts a spell.
The entropic weave corrodes you!
There is an open door here.
As you read the scroll of teleportation, it crumbles to dust.
You feel strangely unstable.
The entropy weaver hits you from afar with a trident!
* * * LOW HITPOINT WARNING * * *
The entropy weaver hits you from afar with a trident!
* * * LOW HITPOINT WARNING * * *
The entropy weaver hits you from afar with a trident.
You die...
Xom titters!

#.# ##.# #.# #######..# #.#
#.......## #.# ##'############
######+###### #...#.#.......#
............# #.#.#.#.###.#.#
............# #.#...#.#.#.#.#
............# #.#####.#.#.#>#
.....<......# #@#.>...#.#(#.#
............####.#.#####.#.###
...........†#..a.#.#.....#...#
>...........'.##.#.#####.#.#.#
............####.........#...#
............# ###############
............# #####'#######
#.,


You could see an entropy weaver.

Vanquished Creatures
  A hydra (D:12)
  4 two-headed ogres
  Urug (D:11)
  The ghost of anything the Covert, a novice OpAs of Dithmenos (D:9)
  3 unseen horrors
  Pikel (D:6)
  An ugly thing (D:11)
  A cyclops (D:13)
  Maurice (D:10)
  A komodo dragon (D:11)
  2 kobold demonologists (D:12)
  2 trolls
  Grinder (D:5)
  A hippogriff (D:10)
  Sigmund (D:5)
  A wyvern (D:11)
  A wraith (D:11)
  A hungry ghost (D:8)
  A basilisk (D:13)
  5 yaks (D:11)
  11 soldier ants (D:13)
  4 sky beasts
  2 slaves (D:6)
  A black bear (D:9)
  A phantom (D:12)
  4 orc warriors
  3 ice beasts
  An eye of draining (D:12)
  A hornet zombie (D:13)
  9 centaurs
  7 ogres
  Blork the orc (D:5)
  4 big kobolds
  A wyvern zombie (D:9)
  8 bullfrogs
  4 scorpions
  A water moccasin skeleton (D:3)
  3 killer bees (D:9)
  A howler monkey (D:5)
  3 wights (D:6)
  4 centaur zombies
  2 bullfrog zombies
  8 crimson imps
  5 orc priests
  3 jellies
  A quasit (D:8)
  4 bullfrog skeletons
  9 hounds
  8 orc wizards
  2 centaur skeletons
  A gnoll shaman (D:3)
  6 iguanas
  11 worker ants
  A howler monkey zombie (D:11)
  A worker ant zombie (D:10)
  Robin (D:2)
  13 gnolls
  14 adders
  3 shadow imps
  An ooze (D:4)
  3 adder zombies
  2 adder skeletons
  6 worms
  A dart slug (D:1)
  7 leopard geckos
  27 orcs
  9 bats
  5 giant cockroaches
  12 goblins
  9 hobgoblins
  12 jackals
  5 quokkas
  A ball python (D:3)
  A ball python zombie (D:1)
  5 frilled lizards
  A giant cockroach zombie (D:3)
  18 kobolds
  7 rats
330 creatures vanquished.

Vanquished Creatures (collateral kills)
  A goblin (D:2)
1 creature vanquished.

Vanquished Creatures (others)
  4 kobolds (D:10)
  A fire vortex (D:2)
  A plant (D:11)
6 creatures vanquished.

Grand Total: 337 creatures vanquished

Notes
Turn   | Place    | Note
-------+----------+-------------------------------------------
     0 | D:1      | iamserjio the Troll Chaos Knight began the quest for the Orb.
     0 | D:1      | Reached XP level 1. HP: 22/22 MP: 0/0
    79 | D:1      | Reached XP level 2. HP: 28/29 MP: 1/1
   106 | D:1      | XOM: divination: detect creatures
   304 | D:1      | Reached XP level 3. HP: 36/36 MP: 2/2
   715 | D:1      | XOM: divination: detect creatures
   836 | D:2      | Reached skill level 4 in Unarmed Combat
   941 | D:2      | Found an ancient bone altar of Kikubaaqudgha.
   969 | D:2      | XOM: enchant monster (good)
  1027 | D:2      | Reached XP level 4. HP: 45/45 MP: 3/3
  1444 | D:2      | Noticed Robin
  1460 | D:2      | XOM: confuse monster(s)
  1460 | D:2      | Killed Robin
  1688 | D:2      | Found a faded altar of an unknown god.
  1708 | D:2      | XOM is BORED!
  1708 | D:2      | XOM: mild Fire miscast
  1732 | D:2      | XOM: scenery: 1 doors close
  1755 | D:3      | Reached skill level 5 in Unarmed Combat
  1755 | D:3      | Reached XP level 5. HP: 53/53 MP: 4/4
  2505 | D:4      | Noticed a two-headed ogre
  2509 | D:4      | XOM: potion effect (invisibility)
  2528 | D:4      | Killed a two-headed ogre
  2528 | D:4      | Reached skill level 7 in Unarmed Combat
  2528 | D:4      | Reached XP level 6. HP: 32/65 MP: 5/5
  2528 | D:4      | Reached XP level 7. HP: 35/71 MP: 6/6
  2570 | D:4      | XOM: give mutations
  2570 | D:4      | Gained mutation: Your muscles are strong. (Str +2) [Xom's grace]
  2570 | D:4      | Gained mutation: Your muscles are very strong. (Str +4) [Xom's grace]
  2595 | D:4      | XOM: mild Air miscast
  2643 | D:4      | XOM: polymorph howler monkey -> ooze
  2704 | D:3      | XOM: god gift: scroll labeled RYUPEUJ NOUHU {god gift}
  2719 | D:3      | Reached skill level 8 in Unarmed Combat
  2725 | D:3      | Reached skill level 5 in Fighting
  2767 | D:3      | XOM: summons 3 hostile demons
  2772 | D:4      | XOM: confuse monster(s)
  2782 | D:4      | Reached XP level 8. HP: 51/80 MP: 7/7
  2965 | D:4      | Found Cani's Antique Armour Emporium.
  3191 | D:4      | XOM: give mutations
  3191 | D:4      | Gained mutation: You expend magic power (3 MP) to strengthen your wands. [Xom's grace]
  3191 | D:4      | Gained mutation: You can translocate small distances at will. [Xom's grace]
  3191 | D:4      | Gained mutation: You passively map a small area around you. [Xom's grace]
  3191 | D:4      | Gained mutation: Your mind is acute. (Int +2) [Xom's grace]
  3283 | D:5      | Entered Level 5 of the Dungeon
  3680 | D:5      | Found a deep blue altar of Sif Muna.
  3747 | D:5      | Reached skill level 9 in Unarmed Combat
  3775 | D:5      | Noticed Sigmund
  3780 | D:5      | XOM: cast spell 'Summon Butterflies'
  3784 | D:5      | Killed Sigmund
  3854 | D:5      | XOM: 4-stop teleportation journey
  3855 | D:5      | Noticed Blork the orc
  3858 | D:5      | Killed Blork the orc
  3894 | D:5      | Noticed Grinder
  3900 | D:5      | XOM: potion effect (might)
  3902 | D:5      | Killed Grinder
  3914 | D:5      | Found a sacrificial altar of Ru.
  4122 | D:6      | Reached skill level 10 in Unarmed Combat
  4122 | D:6      | Reached XP level 9. HP: 74/89 MP: 8/8
  4277 | D:6      | Found a blossoming altar of Fedhas.
  4278 | D:6      | Found a sparkling altar of Nemelex Xobeh.
  4278 | D:6      | XOM: divination: detect creatures
  4279 | D:6      | Found an ornate altar of the Wu Jian Council.
  4296 | D:6      | Noticed Pikel
  4298 | D:6      | XOM: noise
  4310 | D:6      | Killed Pikel
  4332 | D:6      | XOM: 4-stop teleportation journey
  4470 | D:6      | Found a staircase to the Ecumenical Temple.
  4507 | D:6      | XOM: give mutations
  4507 | D:6      | Gained mutation: Your system is resistant to poisons. (rPois) [Xom's grace]
  4507 | D:6      | Gained mutation: You passively map the area around you. [Xom's grace]
  4507 | D:6      | Gained mutation: Your spells are a little harder to cast, but a little more powerful. [Xom's grace]
  4507 | D:6      | Gained mutation: Your mind is very acute. (Int +4) [Xom's grace]
  4594 | D:6      | Found a white marble altar of Elyvilon.
  4824 | D:7      | XOM is BORED!
  4824 | D:7      | XOM: 2-stop teleportation journey
  5017 | D:7      | Found a basalt altar of Yredelemnul.
  5149 | D:7      | Found an ornate altar of the Wu Jian Council.
  5239 | D:7      | Found a glowing golden altar of the Shining One.
  5393 | D:7      | XOM: scenery: create altars
  5508 | D:7      | Learned a level 1 spell: Confusing Touch
  5510 | D:7      | Learned a level 1 spell: Apportation
  5581 | D:8      | XOM: mild Hex miscast
  5642 | D:8      | Reached skill level 11 in Unarmed Combat
  5696 | D:8      | XOM: 1-stop teleportation journey
  5718 | D:8      | XOM: 4-stop teleportation journey
  5854 | D:8      | Reached XP level 10. HP: 97/102 MP: 9/9
  6036 | D:8      | XOM: enchant monster (good)
  6259 | D:9      | XOM: polymorph worker ant -> centaur
  6393 | D:9      | XOM: mild Conj miscast
  6471 | D:9      | XOM: stat loss: -1 Dex (9/10)
  6539 | D:9      | XOM: mild Conj miscast
  6566 | D:9      | Noticed a two-headed ogre
  6569 | D:9      | XOM: cast spell 'Call Canine Familiar'
  6570 | D:9      | XOM: enchant monster (good)
  6585 | D:9      | XOM: mild Tmut miscast
  6592 | D:9      | XOM: confusion (+ monsters)
  6596 | D:9      | XOM: blink monster(s)
  6608 | D:9      | Killed a two-headed ogre
  6608 | D:9      | Reached skill level 1 in Throwing
  6608 | D:9      | Reached skill level 5 in Dodging
  6730 | D:9      | XOM: noise
  6824 | D:9      | Noticed anything's ghost (novice OpAs)
  6832 | D:9      | Killed anything's ghost
  6917 | D:9      | Noticed a two-headed ogre
  6928 | D:9      | XOM: mild Conj miscast
  6949 | D:9      | Killed a two-headed ogre
  6973 | D:9      | Noticed a two-headed ogre
  6984 | D:9      | Killed a two-headed ogre
  7219 | D:9      | XOM: medium Conj miscast
  7451 | D:10     | Entered Level 10 of the Dungeon
  7489 | D:10     | XOM: enchant monster (bad)
  7501 | D:10     | XOM: confusion (+ monsters)
  7504 | D:10     | XOM: destruction
  7689 | D:10     | Reached XP level 11. HP: 96/113 MP: 10/10
  7721 | D:10     | XOM: cleaving
  7938 | D:10     | XOM: scenery: 1 doors close
  8062 | D:10     | XOM: give mutations
  8062 | D:10     | Gained mutation: You have a pair of small horns on your head. [Xom's grace]
  8062 | D:10     | Gained mutation: You have large cloven feet. [Xom's grace]
  8062 | D:10     | Gained mutation: Your spells are harder to cast, but more powerful. [Xom's grace]
  8062 | D:10     | Gained mutation: You are agile. (Dex +2) [Xom's grace]
  8082 | D:10     | Noticed Maurice
  8082 | D:10     | XOM: summons friendly crimson imp
  8091 | D:10     | Killed Maurice
  8091 | D:10     | Reached skill level 12 in Unarmed Combat
  8319 | D:10     | XOM: give mutations
  8319 | D:10     | Gained mutation: Your spells are much harder to cast, but much more powerful. [Xom's grace]
  8319 | D:10     | Gained mutation: You are very agile. (Dex +4) [Xom's grace]
  8319 | D:10     | Gained mutation: You are covered in thick fur. (AC +2) [Xom's grace]
  8353 | D:10     | XOM: noise
  8407 | D:10     | Got a smoking morningstar
  8459 | D:10     | XOM: harmless Air miscast
  8521 | D:10     | Identified the +6 morningstar "Tacek" {crush, *Slow Str+2 Int+2} (You found it on level 10 of the Dungeon)
  8553 | D:10     | XOM: noise
  8713 | D:11     | Found a staircase to the Lair.
  8738 | D:11     | Found a staircase to the Orcish Mines.
  8853 | D:11     | XOM: harmless Ice miscast
  8865 | D:11     | Found a shimmering altar of Xom.
  8931 | D:11     | Killed an unseen horror
  8931 | D:11     | Reached skill level 5 in Throwing
  9013 | D:11     | Killed an unseen horror
  9049 | D:11     | XOM: silly message
  9066 | D:11     | Found a blossoming altar of Fedhas.
  9156 | D:11     | Noticed a brown ugly thing
  9158 | D:11     | Noticed Urug
  9161 | D:11     | Killed a brown ugly thing
  9161 | D:11     | XOM: divination: detect creatures
  9168 | D:11     | Killed Urug
  9602 | D:12     | Noticed a six-headed hydra
  9607 | D:12     | Killed a six-headed hydra
  9750 | D:12     | XOM: harmless Fire miscast
  9828 | D:12     | XOM: divination: detect creatures
  9832 | D:12     | Noticed a sun demon
  9998 | D:12     | Reached XP level 12. HP: 124/124 MP: 3/11
 10010 | D:12     | Found Cuirat's Assorted Antiques.
 10017 | D:12     | Bought a scroll of identify for 56 gold pieces
 10095 | D:12     | XOM: cloud trail
 10139 | D:12     | XOM: harmless Summ miscast
 10160 | D:12     | XOM: harmless Tloc miscast
 10231 | D:13     | XOM: mild Summ miscast
 10242 | D:13     | Reached skill level 1 in Armour
 10247 | D:13     | Noticed an entropy weaver
 10257 | D:13     | XOM: harmless Chrm miscast
 10264 | D:13     | XOM: summons friendly iron imp
 10272 | D:13     | XOM: summons friendly quasit
 10279 | D:13     | HP: 2/124 [entropy weaver/trident (15)]
 10285 | D:13     | XOM: swap monsters
 10517 | D:13     | XOM: smoke on damage
 10624 | D:13     | XOM: chaos upgrade
 10682 | D:13     | Noticed an entropy weaver
 10682 | D:13     | XOM: confuse monster(s)
 10692 | D:13     | XOM: 3-stop teleportation journey
 10692 | D:13     | Noticed a queen ant
 10837 | D:13     | HP: 4/126 [entropy weaver/trident (16)]
 10837 | D:13     | Slain by an entropy weaver

Vault maps used:
D:1:      saegor_arrival_fortress
D:2:      kiku_gazebo_garden_becter, serial_glass, glass_columns_c,
          glass_columns_a, glass_columns_a, glass_columns_b, glass_columns_c,
          glass_columns_b, glass_columns_a, glass_columns_a, glass_columns_a,
          glass_columns_b, glass_columns_b, glass_columns_c, glass_columns_a,
          glass_columns_c, first_ration, chequers_ecumenical_altar_grove,
          hangedman_glass_teeth, st_stairs_10, uniq_robin
D:3:      serial_undead, serial_undead_c, serial_undead_e, serial_undead_c,
          serial_undead_a, serial_undead_a, serial_undead_a
D:4:      serial_glass, glass_columns_c, glass_columns_b, glass_columns_a,
          glass_columns_b, glass_columns_a, glass_columns_a, glass_columns_a,
          glass_columns_a, glass_columns_b, glass_columns_a, serial_shops,
          nicolae_shop_behind_doors, hangedman_abyss_or_decor_stagger,
          minmay_door_square
D:5:      nicolae_ru_the_path_less_chosen, marbit_many_paths, st_stairs_10,
          uniq_blork_the_orc, uniq_sigmund, uniq_grinder
D:6:      grunt_temple_overflow_open, minmay_temple_entry_hall, basic_altar,
          uniq_pikel
D:7:      kennysheep_mini_moat, old_standard_altar, basic_altar,
          grunt_ogre_cave, kennysheep_generic_room_12
D:10:     uniq_maurice
D:11:     david_lair_shrubbed, orc_0_dummy, basic_altar, fedhas_altar_3,
          uniq_urug
D:12:     serial_shops, shop, abandoned_shop
D:13:     serial_shops, nicolae_shop_behind_doors, zaba_anthell

Skill      XL: |  1  2  3  4  5  6  7  8  9 10 11 12 |
---------------+-------------------------------------+-----
Dodging        | 2 4 5 7 |  7.6
Unarmed Combat | 4 5 7 8 10 11 12 | 12.9
Fighting       | 3 4 5 6 7 8 9 |  9.6
Throwing       | 3 5 6 |  6.0
Armour         | 2 |  2.8

Action                   |  1- 3 |  4- 6 |  7- 9 | 10-12 || total
-------------------------+-------+-------+-------+-------++-------
Melee: Unarmed           |   100 |   157 |   247 |   370 ||   874
       Punch             |       |     2 |    12 |    21 ||    35
       Kick              |       |       |       |   103 ||   103
       Headbutt          |       |       |       |    66 ||    66
       Morningstar       |       |       |       |     1 ||     1
 Fire: Blowgun           |       |     8 |       |    10 ||    18
Evoke: Wand              |       |       |       |     5 ||     5
  Use: Scroll            |       |       |     8 |     8 ||    16
       Potion            |       |       |       |     1 ||     1
 Stab: Sleeping          |       |     1 |     4 |       ||     5
       Confused          |       |       |     1 |     1 ||     2
       Distracted        |       |       |       |     1 ||     1
  Eat: Chunk             |     3 |    15 |    31 |    33 ||    82
       Ration            |     1 |       |     1 |     3 ||     5
Armor: Robe              |    43 |    73 |    62 |    38 ||   216
       Troll leather arm |       |       |       |    61 ||    61
Dodge: Dodged            |    54 |    99 |   106 |   186 ||   445

Table legend:
 A = Spawn XP
 B = Non-spawn XP
 C = Spawn XP percentage of total XP
 D = Spawn monster count
 E = Non-spawn monster count
 F = Spawn count percentage of total count
 G = Total turns spent on level
                    A         B        C        D         E        F      G
               +---------+---------+-------+---------+---------+-------+---------
         Total |       0 |   26619 |   0.0 |       0 |     329 |   0.0 | 10837
               +---------+---------+-------+---------+---------+-------+---------
           D:1 |       0 |      48 |   0.0 |       0 |      23 |   0.0 |   794
           D:2 |       0 |     122 |   0.0 |       0 |      37 |   0.0 |   956
           D:3 |       0 |     234 |   0.0 |       0 |      34 |   0.0 |   811
           D:4 |       0 |    1195 |   0.0 |       0 |      18 |   0.0 |   722
           D:5 |       0 |    1118 |   0.0 |       0 |      25 |   0.0 |   824
           D:6 |       0 |    1434 |   0.0 |       0 |      15 |   0.0 |   712
           D:7 |       0 |     689 |   0.0 |       0 |      13 |   0.0 |   732
           D:8 |       0 |    1242 |   0.0 |       0 |      24 |   0.0 |   704
           D:9 |       0 |    4287 |   0.0 |       0 |      23 |   0.0 |  1196
          D:10 |       0 |    2103 |   0.0 |       0 |      23 |   0.0 |  1107
          D:11 |       0 |    6599 |   0.0 |       0 |      40 |   0.0 |   997
          D:12 |       0 |    3437 |   0.0 |       0 |      23 |   0.0 |   866
          D:13 |       0 |    4111 |   0.0 |       0 |      31 |   0.0 |   416
               +---------+---------+-------+---------+---------+-------+---------
